 Dungeon Crawl Stone Soup version 0.29-a0-732-g3d7fbe0af2 (webtiles) character file.

Game seed: 152783164296432257

33 coolguy69 the Sneak (level 3, -1/19 HPs)
             Began as a Vine Stalker Monk on June 30, 2022.
             Slain by an adder (2 damage)
             ... on level 2 of the Dungeon.
             The game lasted 00:01:28 (1189 turns).

coolguy69 the Sneak (Vine Stalker Monk)             Turns: 1189, Time: 00:01:29

Health: -1/19      AC:  2    Str: 13    XL:     3   Next: 29%
Magic:  0/6        EV: 13    Int: 10    God:
Gold:   59         SH:  0    Dex: 18    Spells: 5/5 levels left

rFire   . . .      SeeInvis .   a - +0 short sword
rCold   . . .      Faith    .   (no shield)
rNeg    . . .      Spirit   +   b - +0 robe
rPois   .          Reflect  .   (no helmet)
rElec   .          Harm     .   (no cloak)
rCorr   .          Rampage  .   (no gloves)
Will    .....                   (no boots)
Stlth   +++.......              (no amulet)
HPRegen 0.06/turn               (no ring)
MPRegen 0.10/turn               (no ring)

@: lethally poisoned (-1 -> -7), flying
A: fangs 2, magic shield, antimagic bite, no potion heal 2
a: no special abilities


You were on level 2 of the Dungeon.
You visited 1 branch of the dungeon, and saw 2 of its levels.

You collected 59 gold pieces.

Inventory:

Hand Weapons
 a - a +0 short sword (weapon)
Armour
 b - a +0 robe (worn)
Scrolls
 d - a scroll of noise {unknown}
 h - a scroll of immolation {unknown}
Potions
 c - 2 potions of ambrosia
 e - a potion of attraction {unknown}
 f - a potion of flight
 g - a potion of curing {unknown}
 i - a potion of brilliance {unknown}


   Skills:
 - Level 2.6 Fighting
 + Level 3.0 Short Blades
 - Level 2.4 Dodging
 + Level 3.1 Stealth
 * Level 1.9 Spellcasting


You had 5 spell levels left.
You didn't know any spells.
Your spell library was empty.

Dungeon Overview and Level Annotations

Branches:
Dungeon (2/15)

Altars:

Shops:
D:1 [??


Innate Abilities, Weirdness & Mutations

You have extremely sharp teeth.
When hurt, damage is shared between your health and your magic reserves.
Your bite disrupts and absorbs the magic of your enemies.
Potions cannot restore your health.


Message History

A goblin comes into view. It is wielding a +0 dagger.
There are monsters nearby!
You hit the adder but do no damage. The bat closely misses you.
The bat hits you. The adder barely misses you. The kobold closely misses you.
You miss the adder. The bat closely misses you. The adder closely misses you.
The goblin closely misses you. The kobold closely misses you.
The adder completely misses you.
There are monsters nearby!
You completely miss the adder. The bat closely misses you.
The adder misses you. The goblin closely misses you.
The kobold barely misses you.
You completely miss the adder. You bite the adder. You drain its power.
The adder is heavily wounded.
The bat hits you. The adder closely misses you.
You miss the adder. Your bite misses the adder.
The adder is heavily wounded.
The bat hits you but does no damage. The goblin hits you with a +0 dagger.
The kobold misses you. The adder bites you.
You are poisoned.
The adder poisons you! The bat completely misses you.
You completely miss the adder. Your bite misses the adder.
The adder is heavily wounded.
You feel sick. The bat closely misses you. The adder bites you.
You are lethally poisoned!
The adder poisons you! The goblin hits you but does no damage.
The kobold hits you with a +0 dagger.
You are too injured to fight recklessly!
You are too injured to fight recklessly!
Unknown command.
The kobold attacks as you move away! The kobold hits you with a +0 dagger.
* * * LOW HITPOINT WARNING * * *
x2 You feel sick.
The adder closely misses you.
It was a potion of flight.
You feel very buoyant.
You fly up into the air.
* * * LOW HITPOINT WARNING * * *
You feel sick. The goblin hits you with a +0 dagger.
* * * LOW HITPOINT WARNING * * *
The adder bites you.
You die...

####### ####.....###
#..@g.......
#.##S##.... #.#)b$# .
###.##.##
##########...#...
###............####
......................
..
##.#....##.....##.##.
.# ###.#<##.##.#....#
##.. .#


You could see an adder, a goblin and a bat.

Vanquished Creatures
  An adder (D:2)
  A dart slug (D:1)
  2 endoplasms
  A giant cockroach (D:1)
  A goblin (D:2)
  6 hobgoblins
  A kobold (D:1)
  A quokka (D:2)
  3 ball pythons (D:1)
  A bat (D:1)
  2 rats (D:1)
20 creatures vanquished.

Notes
Turn   | Place    | Note
-------+----------+-------------------------------------------
     0 | D:1      | coolguy69 the Vine Stalker Monk began the quest for the
                  | Orb.
     0 | D:1      | Reached XP level 1. HP: 11/11 MP: 2/2
   279 | D:1      | Reached skill level 1 in Spellcasting
   279 | D:1      | Reached XP level 2. HP: 16/16 MP: 4/4
   673 | D:1      | Found Viawaeskent's Magic Scroll Boutique.
   744 | D:1      | Found Xukhallo's Magic Scroll Emporium.
   763 | D:1      | Found Puaphume's Antique Armour Boutique.
   935 | D:2      | Reached XP level 3. HP: 15/19 MP: 6/6
  1189 | D:2      | Slain by an adder

Illustrated notes

Levels and vault maps discovered:
D:1:      psy_arrival_spokes, layout_basic, serial_shops, shop,
          nicolae_shop_advertising_works [nicolae_subvault_shop_adworks],
          nicolae_shop_stone
D:2:      layout_basic, minmay_split_cup_small, uniq_natasha

Skill      XL: |  1  2 |
---------------+-------+-----
Spellcasting   | 1 |  1.9
Short Blades   | 3 |  3.0
Stealth        | 3 |  3.1
Fighting       | |  2.6
Dodging        | |  2.4

Action                   || total
-------------------------++-------
Melee: Short sword       ||    50
       Bite              ||    13
       Punch             ||     1
  Use: Potion            ||     1
 Stab: Sleeping          ||     4
Armor: Robe              ||     7
Dodge: Dodged            ||    40

Table legend: (Time is in decaauts)
 A = Elapsed time spent in this place.
 B = Non-inter-level travel time spent in this place.
 C = Inter-level travel time spent in this place.
 D = Time resting spent in this place.
 E = Time spent auto-exploring this place.
 F = Levels seen in this place.
 G = Mean time per level.
                   A        B        C        D        E       F      G
               +--------+--------+--------+--------+--------+-----+--------+
         Total |   1186 |   1170 |     16 |      0 |   1028 |   2 |  593.0 |
       Dungeon |   1186 |   1170 |     16 |      0 |   1028 |   2 |  593.0 |
               +--------+--------+--------+--------+--------+-----+--------+

Top non-repeatable levels by time:
     D:1: 855 daAuts
     D:2: 331 daAuts
